 Dungeon Crawl Stone Soup version 0.29-a0-577-gafbf2c5d25 (webtiles) character file.

Game seed: 14006933918918185239

220 xian the Sneak (level 5, -1/40 HPs)
             Began as a Draconian Enchanter on June 14, 2022.
             Killed by divine providence
             ... invoked by an orc priest
              (16 damage)
             ... on level 4 of the Dungeon.
             The game lasted 00:07:05 (3286 turns).

xian the Sneak (Draconian Enchanter)                Turns: 3286, Time: 00:07:05

Health: -1/40      AC:  6    Str: 10    XL:     5   Next: 64%
Magic:  8/8        EV: 12    Int: 17    God:
Gold:   178        SH:  0    Dex: 12    Spells: 3/8 levels left

rFire   . . .      SeeInvis .   d - +2 dagger (venom)
rCold   . . .      Faith    .   (no shield)
rNeg    . . .      Spirit   .   (body armour unavailable)
rPois   .          Reflect  .   (helmet restricted)
rElec   .          Harm     .   (no cloak)
rCorr   .          Rampage  .   k - +0 pair of gloves
Will    .....                   (no boots)
Stlth   ++........              (no amulet)
HPRegen 0.13/turn               (no ring)
MPRegen 0.11/turn               (no ring)

@: no status effects
A: AC +5, unfitting armour, cold-blooded
a: no special abilities


You were on level 4 of the Dungeon.
You visited 1 branch of the dungeon, and saw 4 of its levels.

You collected 178 gold pieces.

Inventory:

Hand Weapons
 d - a +2 dagger of venom (weapon)
Missiles
 e - 5 poisoned darts (quivered)
Armour
 k - a +0 pair of gloves (worn)
Scrolls
 h - 2 scrolls of magic mapping
 j - a scroll of poison
Potions
 a - a potion of ambrosia
 b - 2 potions of invisibility
 c - a potion of haste
 f - a potion of lignification
 g - 2 potions of heal wounds
 i - 2 potions of flight
 l - a potion of curing {unknown}


   Skills:
 + Level 1.3 Fighting
 + Level 3.1 Short Blades
 + Level 2.7 Dodging
 + Level 4.0 Stealth
 + Level 2.0 Spellcasting
 + Level 3.3 Hexes


You had 3 spell levels left.
You knew the following spells:

 Your Spells              Type           Power      Damage    Failure   Level
a - Ensorcelled Hibernat  Hex/Ice        14%        N/A       14%         2
b - Confusing Touch       Hex            13%        N/A       14%         3

Your spell library contained the following spells:

 Spells                   Type           Power      Damage    Failure   Level
 Tukima's Dance           Hex            13%        N/A       14%         3
 Freeze                   Ice            4%         1d3       19%         1
 Dazzling Flash           Conj/Hex       14%        N/A       28%         3
 Frozen Ramparts          Ice            2%         1d2       50%         3
 Hailstorm                Conj/Ice       1%         3d3       88%         4


Dungeon Overview and Level Annotations

Branches:
Dungeon (4/15)
 Temple: D:4-7

Altars:
Sif Muna
The Shining One

Annotations:
D:3 1 runed translucent door, Crazy Yiuf


Innate Abilities, Weirdness & Mutations

Your plain brown scales are hard. (AC +5)
You cannot fit into any form of body armour.
You are cold-blooded and may be slowed by cold attacks.


Message History

The phantom hits you but does no damage.
The orc priest calls down the wrath of Beogh upon you.
You barely resist. You closely miss the phantom. Your punch misses the phantom.
The phantom is almost destroyed.
The phantom closely misses you.
The orc priest looks satisfied for a moment.
You hit the phantom but do no damage.
The phantom is almost destroyed.
You hit the phantom but do no damage. You tail-slap the phantom.
The phantom is almost destroyed.
The phantom barely misses you.
You hit the phantom.
You destroy the phantom!
Your Short Blades skill increases to level 3!
Your Stealth skill increases to level 4!
The orc priest closely misses you.
You closely miss the orc priest.
Your tail-slap misses the orc priest.
The orc priest mumbles some strange prayers to Beogh against you.
Pain shoots through your body!
You hit the orc priest but do no damage.
The orc priest is poisoned.
The orc priest hits you but does no damage.
You barely miss the orc priest.
The orc priest is moderately wounded.
The orc priest hits you but does no damage.
You barely miss the orc priest.
The orc priest is moderately wounded.
You hit the orc priest but do no damage.
The orc priest looks even sicker.
You tail-slap the orc priest.
The orc priest is heavily wounded.
The orc priest closely misses you.
You hit the orc priest but do no damage.
The orc priest is moderately wounded.
The orc priest completely misses you.
You hit the orc priest.
Your tail-slap misses the orc priest.
The orc priest is heavily wounded.
The orc priest invokes the aid of Beogh against you.
Beogh smites you!
You die...

..#...##.. ..#......
#.....# ........# #.....#
..........#####?....##
....##.....#.....#...#
....#.........##.....#
#..##.......####.....
#..##..#..........#
#..#..###.......@o######
......##.....###..'......
.....###.....####.'......
.....##..##...###.#......
#≈≈≈
#....#..####...####...?..##
≈§### ##.....##
#......#..!..##≈ ≈##.#
#...#..## ##.....# ...##≈§
##..# #..###..## #.....#
..##≈§≈##...# ###.#
##..###.....# ##§≈≈##....#


You could see an orc priest (very poisoned).

Vanquished Creatures
  A phantom (D:4)
  A howler monkey (D:4)
  4 adders
  4 worms
  A dart slug (D:3)
  2 endoplasms
  5 giant cockroaches
  9 hobgoblins
  2 ball pythons (D:2)
  11 bats
  3 frilled lizards
  6 goblins
  9 kobolds
  2 rats
60 creatures vanquished.

Notes
Turn   | Place    | Note
-------+----------+-------------------------------------------
     0 | D:1      | xian the Draconian Enchanter began the quest for the Orb.
     0 | D:1      | Reached XP level 1. HP: 14/14 MP: 3/3
   312 | D:1      | Reached XP level 2. HP: 19/20 MP: 5/5
   421 | D:1      | Learned a level 2 spell: Ensorcelled Hibernation
   436 | D:1      | Reached skill level 3 in Stealth
   440 | D:1      | Found a faded altar of an unknown god.
  1172 | D:2      | HP: 1/20 [worm (6)]
  1174 | D:2      | Reached XP level 3. HP: 2/26 MP: 6/6
  2355 | D:3      | Found a runed translucent door.
  2356 | D:3      | Noticed Crazy Yiuf
  2463 | D:3      | Reached XP level 4. HP: 30/34 MP: 7/7
  2663 | D:3      | Found a shimmering blue altar of Sif Muna.
  2836 | D:4      | Found a glowing golden altar of the Shining One.
  3040 | D:4      | Noticed a phantom
  3042 | D:4      | Reached skill level 1 in Fighting
  3123 | D:4      | Reached XP level 5. HP: 40/40 MP: 8/8
  3247 | D:4      | Learned a level 3 spell: Confusing Touch
  3276 | D:4      | Killed a phantom
  3277 | D:4      | Reached skill level 4 in Stealth
  3286 | D:4      | Killed from afar by an orc priest

Illustrated notes

Levels and vault maps discovered:
D:1:      dpeg_arrival_orchard, layout_loops_cross,
          ebering_ecumenical_altar_petrified
D:2:      minmay_spotlight, layout_rooms, hangedman_glass_teeth
D:3:      layout_basic, nicolae_sif_muna_little_library, uniq_crazy_yiuf_cottage
D:4:      layout_layer_cave, vehumet_crystals, tso_metal_star,
          kennysheep_opposing_triangles

Skill      XL: |  1  2  3  4  5 |
---------------+----------------+-----
Hexes          | 3 |  3.3
Stealth        | 3 4 |  4.0
Dodging        | 2 |  2.7
Short Blades   | 2 3 |  3.1
Fighting       | 1 |  1.3
Spellcasting   | |  2.0

Action                   |  1- 3 |  4- 6 || total
-------------------------+-------+-------++-------
Melee: Dagger            |   111 |    72 ||   183
       Tailslap          |    10 |     7 ||    17
       Punch             |     3 |     1 ||     4
  Use: Scroll            |     9 |     1 ||    10
 Stab: Sleeping          |     4 |     3 ||     7
Armor: Skin              |    32 |    33 ||    65
Dodge: Dodged            |    69 |    39 ||   108

Table legend: (Time is in decaauts)
 A = Elapsed time spent in this place.
 B = Non-inter-level travel time spent in this place.
 C = Inter-level travel time spent in this place.
 D = Time resting spent in this place.
 E = Time spent auto-exploring this place.
 F = Levels seen in this place.
 G = Mean time per level.
                   A        B        C        D        E       F      G
               +--------+--------+--------+--------+--------+-----+--------+
         Total |   3268 |   3190 |     78 |    396 |   2074 |   4 |  817.0 |
       Dungeon |   3268 |   3190 |     78 |    396 |   2074 |   4 |  817.0 |
               +--------+--------+--------+--------+--------+-----+--------+

Top non-repeatable levels by time:
     D:2: 1056 daAuts
     D:1: 919 daAuts
     D:3: 777 daAuts
     D:4: 515 daAuts
